 Dungeon Crawl Stone Soup version 0.29.1-2-gbd0b4ee654 (webtiles) character file.

Game seed: 9633330354027676745

2327 anonymouscript the Basher (level 9, 0/120 HPs)
             Began as a Minotaur Berserker on Oct 21, 2022.
             Was an Elder of Trog.
             Succumbed to a gnoll sergeant's poison
             ... on level 7 of the Dungeon on Nov 14, 2022.
             The game lasted 00:24:03 (7719 turns).

anonymouscript the Basher (Minotaur Berserker)      Turns: 7719, Time: 00:24:04

Health: 0/120      AC:  5    Str: 26    XL:     9   Next: 19%
Magic:  8/8        EV: 13    Int:  4    God:    Trog [****..]
Gold:   188        SH:  0    Dex: 10    Spells: 8/8 levels left

rFire   . . .      SeeInvis .   G - +0 morningstar
rCold   . . .      Faith    .   (no shield)
rNeg    . . .      Spirit   .   b - +0 animal skin
rPois   .          Reflect  .   (helmet restricted)
rElec   .          Harm     .   h - +0 cloak
rCorr   +          Rampage  .   B - +0 pair of gloves
Will    .....                   J - +0 pair of boots
Stlth   ..........              (no amulet)
HPRegen 0.30/turn               m - ring of resist corrosion
MPRegen 0.11/turn               (no ring)

@: berserking (expiring), lethally poisoned (0 -> -1), very quick
A: horns 2, retaliatory headbutt
a: Renounce Religion, Berserk, Trog's Hand, Brothers in Arms


You were on level 7 of the Dungeon.
You worshipped Trog.
Trog was greatly pleased with you.
You visited 1 branch of the dungeon, and saw 8 of its levels.
You also visited: Sewer.

You collected 353 gold pieces.
You spent 165 gold pieces at shops.

Inventory:

Hand Weapons
 a - a +0 mace
 n - a +0 hammer
 p - a +3 quarterstaff of chaos
 C - a +0 flail
 F - a +0 antimagic halberd
 G - a +0 morningstar (weapon)
Missiles
 k - 25 poisoned darts (quivered)
 D - 2 boomerangs
Armour
 b - a +0 animal skin (worn)
 h - a +0 cloak (worn)
 q - a +0 cloak
 u - an orb of guile
 B - a +0 pair of gloves (worn)
 H - a +0 helmet
 J - a +0 pair of boots (worn)
Jewellery
 m - a ring of resist corrosion (left hand)
 O - a +4 ring of evasion
Wands
 o - a wand of flame (18)
Scrolls
 c - a scroll of fog
 e - a scroll of enchant armour {unknown}
 f - 4 scrolls of vulnerability
 i - 2 scrolls of teleportation
 j - a scroll of magic mapping {unknown}
 l - a scroll of summoning {unknown}
 r - 4 scrolls of identify
 t - a scroll of blinking {unknown}
 y - a scroll of immolation {unknown}
 K - a scroll of amnesia {unknown}
 L - a scroll of torment {unknown}
 M - a scroll of fear {unknown}
 N - a scroll of poison {unknown}
Potions
 d - 3 potions of degeneration {unknown}
 g - a potion of berserk rage {unknown}
 s - a potion of attraction {unknown}
 v - 2 potions of invisibility {unknown}
 w - a potion of experience {unknown}
 x - a potion of curing
 z - 4 potions of might
 A - a potion of haste
 E - a potion of lignification {unknown}
 I - 3 potions of mutation {unknown}


   Skills:
 + Level 7.7 Fighting
 + Level 11.0 Maces & Flails
 + Level 0.5 Throwing
 + Level 2.8 Armour
 + Level 6.3 Dodging
 + Level 2.5 Stealth
 + Level 0.4 Evocations


You had 8 spell levels left.
You didn't know any spells.
Your spell library was empty.

Dungeon Overview and Level Annotations

Branches:
Dungeon (8/15)             Temple (0/1) D:7           Sewer (visited)
   Lair: D:8-11

Altars:
Cheibriados
Makhleb
Ru
Sif Muna
Trog

Shops:
D:2 !   D:4 !


Innate Abilities, Weirdness & Mutations

You have a pair of horns on your head.
You reflexively headbutt those who attack you in melee.


Message History

You feel very sick. The gnoll closely misses you.
The gnoll hits you from afar with a +0 halberd.
Things that are here:
a +0 spear of venom; a +0 ring mail; a gnoll corpse You puncture the gnoll!
Your headbutt misses the gnoll.
The gnoll is almost dead.
You feel very sick. The gnoll hits you but does no damage.
The gnoll barely misses you.
You barely miss the gnoll. Your headbutt misses the gnoll.
The gnoll is almost dead.
You feel sick. The gnoll hits you with a +0 spear.
* * * LOW HITPOINT WARNING * * *
The gnoll hits you from afar with a +0 halberd!
* * * LOW HITPOINT WARNING * * *
You hit the gnoll.
You kill the gnoll!
Trog accepts your kill.
You feel sick. The gnoll barely misses you.
A red film seems to cover your vision as you go berserk!
You feel yourself moving faster!
You feel mighty!
You feel sick.
The gnoll hits you from afar with a +0 halberd.
* * * LOW HITPOINT WARNING * * *
You feel a strong urge to attack something.
There is an open door, spattered with blood here.
Items here: )) ††.
You barely miss the gnoll.
You feel sick. The gnoll hits you with a +0 halberd!
* * * LOW HITPOINT WARNING * * *
You closely miss the gnoll.
* * * LOW HITPOINT WARNING * * *
You feel sick.
You are too berserk!
You are too berserk!
The gnoll misses you.
Things that are here:
a +0 spear of venom; a +0 ring mail; a gnoll corpse You feel a strong urge to attack something.
* * * LOW HITPOINT WARNING * * *
You feel sick.
You die...

#.#(......+.........+...........
#......####.........####....####
#.....## #.......# ##.###
#.###.# #.....# #.# #.###.#
#...# #.# #.....# #g# ..#
#####.# #)# ..# #.#########.##
.# #.##.......@.#..
##.##.###........... ##.#.#.#
#......#...# ##.###..# #.#...##
... #.## ##.###.##..# ##
##.###..(...###.# ##.#.#.#####
.# ##.##.# .# ####..


You could see a gnoll.

Vanquished Creatures
  Menkaure (D:6)
  Pargi (Sewer)
  A sky beast (D:7)
  A water moccasin (D:7)
  A black bear (D:2)
  A kobold brigand (D:7)
  4 bullfrogs
  2 scorpions (D:5)
  2 necrophages
  A gnoll sergeant (D:7)
  5 wights (D:7)
  3 howler monkeys
  Crazy Yiuf (D:2)
  4 orc priests
  A gnoll bouda (D:6)
  2 hounds (D:6)
  An iguana (D:6)
  9 orc wizards
  13 gnolls
  11 adders
  An ufetubus (D:7)
  2 worms (D:3)
  2 dart slugs (D:1)
  26 orcs
  5 bats
  3 endoplasms
  9 giant cockroaches
  7 goblins
  5 hobgoblins
  A jackal (Sewer)
  7 quokkas
  8 ball pythons
  2 frilled lizards
  9 kobolds
  6 rats
158 creatures vanquished.

Vanquished Creatures (others)
  10 fungi (D:5)
  4 plants (D:8)
14 creatures vanquished.

Grand Total: 172 creatures vanquished

Notes
Turn   | Place    | Note
-------+----------+-------------------------------------------
     0 | D:1      | anonymouscript the Minotaur Berserker began the quest for
                  | the Orb.
     0 | D:1      | Reached XP level 1. HP: 19/19 MP: 0/0
   227 | D:1      | Reached skill level 4 in Maces & Flails
   426 | D:1      | Reached XP level 2. HP: 18/27 MP: 1/1
   806 | D:1      | Reached ** piety under Trog
   950 | D:2      | Found a faded altar of an unknown god.
  1010 | D:2      | Reached XP level 3. HP: 33/33 MP: 2/2
  1082 | D:2      | Noticed a black bear
  1092 | D:2      | Killed a black bear
  1093 | D:2      | Reached skill level 5 in Maces & Flails
  1093 | D:2      | Reached XP level 4. HP: 41/41 MP: 3/3
  1203 | D:2      | Found Ugayb's Distillery.
  1278 | D:2      | Found a runed translucent door.
  1279 | D:2      | Noticed Crazy Yiuf
  1285 | D:2      | Killed Crazy Yiuf
  1286 | D:2      | Reached XP level 5. HP: 47/47 MP: 4/4
  1690 | D:3      | Found a shimmering blue altar of Sif Muna.
  1705 | D:3      | Reached skill level 1 in Stealth
  2050 | D:3      | Reached skill level 6 in Maces & Flails
  2069 | D:3      | Found a glowing drain.
  2205 | Sewer    | Entered a sewer
  2206 | Sewer    | Upgraded the game from 0.29.1-1-gd02db6906a to
                  | 0.29.1-2-gbd0b4ee654
  2323 | Sewer    | Noticed Pargi
  2332 | Sewer    | Killed Pargi
  2333 | Sewer    | Reached skill level 5 in Fighting
  2333 | Sewer    | Reached XP level 6. HP: 56/56 MP: 5/5
  3056 | D:4      | Reached *** piety under Trog
  3259 | D:4      | Reached skill level 7 in Maces & Flails
  3313 | D:4      | Found Vapse's Distillery.
  3343 | D:4      | Bought a potion of heal wounds for 55 gold pieces
  3343 | D:4      | Bought a potion of haste for 110 gold pieces
  3418 | D:5      | Entered Level 5 of the Dungeon
  3450 | D:5      | Reached XP level 7. HP: 61/61 MP: 6/6
  3688 | D:5      | Reached skill level 8 in Maces & Flails
  3871 | D:5      | Found a burning altar of Makhleb.
  4298 | D:5      | Found a bloodstained altar of Trog.
  4608 | D:6      | Noticed Menkaure
  4774 | D:6      | Killed Menkaure
  5235 | D:6      | Reached XP level 8. HP: 71/71 MP: 7/7
  5348 | D:6      | Reached skill level 9 in Maces & Flails
  5796 | D:6      | Reached skill level 5 in Dodging
  5864 | D:6      | Found a sacrificial altar of Ru.
  6515 | D:7      | Reached **** piety under Trog
  6771 | D:7      | Reached skill level 10 in Maces & Flails
  6848 | D:7      | Reached XP level 9. HP: 27/78 MP: 8/8
  7366 | D:7      | Found a snail-covered altar of Cheibriados.
  7449 | D:7      | Found a staircase to the Ecumenical Temple.
  7709 | D:7      | Reached skill level 11 in Maces & Flails
  7715 | D:7      | HP: 3/120 [gnoll/+0 halberd[a gnoll sergeant] (8)]
  7718 | D:7      | HP: 1/120 [poisoned by a gnoll sergeant]
  7719 | D:7      | Succumbed to a gnoll sergeant's poison

Illustrated notes

Levels and vault maps discovered:
D:1:      dpeg_arrival_windows_large_door, layout_loops_ring
D:2:      layout_basic, shapermc_ecumenical_altar_mp_vishouse, serial_shops,
          shop, serial_park_tiny_1, kennysheep_generic_room_16,
          uniq_crazy_yiuf_cottage
D:3:      layout_loops_ring, lemuel_doored_altar, gup_sewer_entry_bubbles
D:4:      layout_basic, serial_shops, nicolae_shop_hallway_stairs
D:5:      layout_basic, mainiacjoe_overflow_cross_hatched, bloody_trog,
          palyth_stone_intersect
D:6:      layout_basic, mainiacjoe_overflow_alcove_1, kennysheep_generic_room_3,
          uniq_menkaure
D:7:      layout_loops_corners, nicolae_overflow_hidden_temple,
          minmay_temple_entry_purple_smoke, minivault_11,
          kennysheep_generic_room_13
D:8:      nzn_winding_woodlands_large [nzn_winding_woodlands_5x5_checkerboard,
          nzn_winding_woodlands_5x15_jagged,
          nzn_winding_woodlands_5x5_closed_star,
          nzn_winding_woodlands_center_pierced_h,
          nzn_winding_woodlands_15x15_eel_pit,
          nzn_winding_woodlands_center_triple_pond,
          nzn_winding_woodlands_5x5_open_star,
          nzn_winding_woodlands_5x15_default, nzn_winding_woodlands_5x5_cross],
          layout_cave_pools, grunt_temple_overflow_open, serial_shops,
          kennysheep_mini

Skill      XL: |  1  2  3  4  5  6  7  8  9 |
---------------+----------------------------+-----
Maces & Flails | 4 5 6 7 8 10 11 | 11.0
Fighting       | 4 5 6 7 |  7.7
Dodging        | 3 4 6 |  6.3
Stealth        | 1 2 |  2.5
Throwing       | |  0.5
Armour         | |  2.8
Evocations     | |  0.4

Action                   |  1- 3 |  4- 6 |  7- 9 || total
-------------------------+-------+-------+-------++-------
Melee: Mace              |    45 |   109 |     5 ||   159
       Headbutt          |     5 |    18 |    30 ||    53
       Flail             |       |       |    40 ||    40
       Morningstar       |       |       |   149 ||   149
       Punch             |       |       |     1 ||     1
Throw: Dart              |     3 |     1 |       ||     4
Invok: Berserk           |     1 |     4 |     3 ||     8
       Trog's Hand       |     1 |       |       ||     1
Evoke: Wand              |       |     4 |     1 ||     5
  Use: Scroll            |       |       |     4 ||     4
       Potion            |       |       |     8 ||     8
 Stab: Sleeping          |     1 |     2 |     1 ||     4
Armor: Animal skin       |    13 |    18 |    48 ||    79
Dodge: Dodged            |    29 |    54 |   173 ||   256
